TOP OF THE 1ST |
Detroit X-Wings batting - Pitching for Otsego Bulldogs : RHP Dave Smith
|
Pitching: RHP Dave Smith
|
|
Batting: RHB Yoshitsune Kamida
|
0-0: Fly out, F3 (Popup, 3SF)
|
Batting: SHB Felipe Detorres
|
0-0: Called Strike 0-1: Ball 1-1: Called Strike 1-2: Foul Ball, location: 2F 1-2: Ball 2-2: Ball 3-2: Strikes out swinging
|
Batting: RHB Chet Decker
|
0-0: Ball 1-0: Ball 2-0: Called Strike 2-1: Ball 3-1: Foul Ball, location: 2F 3-2: Foul Ball, location: 2F 3-2: Foul Ball, location: 2F 3-2: Base on Balls
|
Batting: LHB Juan Jose Pineda
|
0-0: Called Strike 0-1: Foul Ball, location: 2F 0-2: Strikes out swinging
|
Top of the 1st over - 0 run(s), 0 hit(s), 0 error(s), 1 left on base; Detroit 0 - Otsego 0 |
BOTTOM OF THE 1ST |
Otsego Bulldogs batting - Pitching for Detroit X-Wings : LHP Arturo Sánchez
|
Pitching: LHP Arturo Sánchez
|
|
Batting: LHB Mario Cornelo
|
0-0: Ball 1-0: Ball 2-0: Ball 3-0: Called Strike 3-1: SOLO HOME RUN (Flyball, 9D), Distance : 386 ft
|
Batting: RHB Armando Cuevas
|
0-0: Swinging Strike 0-1: Ball 1-1: Called Strike 1-2: Strikes out swinging
|
Batting: LHB George Wood
|
0-0: Foul Ball, location: 2F 0-1: Foul Ball, location: 2F 0-2: Ball 1-2: Fly out, F7 (Line Drive, 7M)
|
Batting: RHB Jesús Tisnado
|
0-0: Ball 1-0: Ball 2-0: Called Strike 2-1: Foul Ball, location: 2F 2-2: Ground out 6-3 (Groundball, 6M)
|
Bottom of the 1st over - 1 run(s), 1 hit(s), 0 error(s), 0 left on base; Detroit 0 - Otsego 1 |
TOP OF THE 2ND |
Detroit X-Wings batting - Pitching for Otsego Bulldogs : RHP Dave Smith
|
Batting: SHB Jaime Montés
|
0-0: Called Strike 0-1: Called Strike 0-2: DOUBLE (Line Drive, 78M)
|
Batting: RHB Domingo Ávila
|
0-0: Ground out 6-3 (Groundball, 6)
|
Batting: RHB Ernesto Acosta
|
0-0: Foul Ball, location: 2F 0-1: Ground out 2-3 (Groundball, 25) Jaime Montés to third
|
Batting: RHB Enrique Aguilar
|
0-0: Foul Ball, location: 2F 0-1: Ball 1-1: Called Strike 1-2: Foul Ball, location: 2F 1-2: Ball 2-2: Fly out, F8 (Flyball, 78S)
|
Top of the 2nd over - 0 run(s), 1 hit(s), 0 error(s), 1 left on base; Detroit 0 - Otsego 1 |
BOTTOM OF THE 2ND |
Otsego Bulldogs batting - Pitching for Detroit X-Wings : LHP Arturo Sánchez
|
Batting: RHB Cristo García
|
0-0: Called Strike 0-1: Foul Ball, location: 2F 0-2: Strikes out swinging
|
Batting: RHB Jim Beck
|
0-0: Ball 1-0: Ball 2-0: Ground out 6-3 (Groundball, 6)
|
Batting: RHB Raúl Bauza
|
0-0: Called Strike 0-1: Ball 1-1: Ground out 6-3 (Groundball, 56)
|
Bottom of the 2nd over - 0 run(s), 0 hit(s), 0 error(s), 0 left on base; Detroit 0 - Otsego 1 |
TOP OF THE 3RD |
Detroit X-Wings batting - Pitching for Otsego Bulldogs : RHP Dave Smith
|
Batting: LHB Luis Padilla
|
0-0: Called Strike 0-1: Ball 1-1: Ball 2-1: Foul Ball, location: 2F 2-2: Ball 3-2: Ground out 4-3 (Groundball, 4)
|
Batting: RHB Yoshitsune Kamida
|
0-0: Ball 1-0: Ball 2-0: Foul Ball, location: 2F 2-1: Ball 3-1: Fly out, F8 (Popup, 4MD)
|
Batting: SHB Felipe Detorres
|
0-0: Called Strike 0-1: Ball 1-1: Fly out, F7 (Flyball, 78S)
|
Top of the 3rd over - 0 run(s), 0 hit(s), 0 error(s), 0 left on base; Detroit 0 - Otsego 1 |
BOTTOM OF THE 3RD |
Otsego Bulldogs batting - Pitching for Detroit X-Wings : LHP Arturo Sánchez
|
Batting: RHB Felipe Rego
|
0-0: Called Strike 0-1: SINGLE (Groundball, 6MD)
|
Batting: LHB Martin Davis
|
0-0: Ball 1-0: Swinging Strike 1-1: Ball 2-1: Foul Ball, location: 2F 2-2: Fly out, F9 (Line Drive, 9M)
|
Batting: LHB Mario Cornelo
|
0-0: Ball 1-0: Foul Ball, location: 2F 1-1: Foul Ball, location: 2F 1-2: SINGLE (Groundball, 5D) Felipe Rego to second
|
Batting: RHB Armando Cuevas
|
0-0: Called Strike 0-1: Swinging Strike 0-2: SINGLE (Line Drive, 4MD) Felipe Rego to third Mario Cornelo to second
|
Batting: LHB George Wood
|
0-0: Called Strike 0-1: Foul Ball, location: 2F 0-2: Ball 1-2: Ball 2-2: Strikes out swinging
|
Batting: RHB Jesús Tisnado
|
0-0: Ball 1-0: Ball 2-0: Ball 3-0: Base on Balls Felipe Rego scores Mario Cornelo to third Armando Cuevas to second
|
Batting: RHB Cristo García
|
0-0: Ball 1-0: Fly out, F8 (Flyball, 8RD)
|
Bottom of the 3rd over - 1 run(s), 3 hit(s), 0 error(s), 3 left on base; Detroit 0 - Otsego 2 |
TOP OF THE 4TH |
Detroit X-Wings batting - Pitching for Otsego Bulldogs : RHP Dave Smith
|
Batting: RHB Chet Decker
|
0-0: Ball 1-0: Called Strike 1-1: Foul Ball, location: 2F 1-2: Strikes out swinging
|
Batting: LHB Juan Jose Pineda
|
0-0: Ball 1-0: Ball 2-0: Ball 3-0: Called Strike 3-1: Fly out, F7 (Flyball, 78D)
|
Batting: SHB Jaime Montés
|
0-0: Ball 1-0: Ball 2-0: Ground out 3-1 (Groundball, 34)
|
Top of the 4th over - 0 run(s), 0 hit(s), 0 error(s), 0 left on base; Detroit 0 - Otsego 2 |
BOTTOM OF THE 4TH |
Otsego Bulldogs batting - Pitching for Detroit X-Wings : LHP Arturo Sánchez
|
Batting: RHB Jim Beck
|
0-0: Swinging Strike 0-1: Ball 1-1: Foul Ball, location: 2F 1-2: Ground out 4-3 (Groundball, 4S)
|
Batting: RHB Raúl Bauza
|
0-0: Foul Ball, location: 2F 0-1: Ball 1-1: DOUBLE (Line Drive, 89D)
|
Batting: RHB Felipe Rego
|
0-0: DOUBLE (Flyball, 8LXD) Raúl Bauza scores
|
Batting: LHB Martin Davis
|
0-0: Fly out, F6 (Popup, 6MD)
|
Batting: LHB Mario Cornelo
|
0-0: Ground out 6-3 (Groundball, 6)
|
Bottom of the 4th over - 1 run(s), 2 hit(s), 0 error(s), 1 left on base; Detroit 0 - Otsego 3 |
TOP OF THE 5TH |
Detroit X-Wings batting - Pitching for Otsego Bulldogs : RHP Dave Smith
|
Batting: RHB Domingo Ávila
|
0-0: Ball 1-0: Foul Ball, location: 2F 1-1: Called Strike 1-2: Fly out, F9 (Flyball, 89D)
|
Batting: RHB Ernesto Acosta
|
0-0: Foul Ball, location: 2F 0-1: Ball 1-1: Fly out, F9 (Flyball, 89M)
|
Batting: RHB Enrique Aguilar
|
0-0: Ball 1-0: Ball 2-0: Called Strike 2-1: Foul Ball, location: 2F 2-2: Strikes out swinging
|
Top of the 5th over - 0 run(s), 0 hit(s), 0 error(s), 0 left on base; Detroit 0 - Otsego 3 |
BOTTOM OF THE 5TH |
Otsego Bulldogs batting - Pitching for Detroit X-Wings : LHP Arturo Sánchez
|
Batting: RHB Armando Cuevas
|
0-0: Fly out, F9 (Flyball, 9D)
|
Batting: LHB George Wood
|
0-0: Ball 1-0: Ball 2-0: Foul Ball, location: 2F 2-1: Ball 3-1: Base on Balls
|
Batting: RHB Jesús Tisnado
|
0-0: Called Strike 0-1: Ball 1-1: Swinging Strike 1-2: Ball 2-2: Foul Ball, location: 2F 2-2: Ground out 6-3 (Groundball, 6M) George Wood to second
|
Batting: RHB Cristo García
|
0-0: Fly out, F7 (Flyball, 78M)
|
Bottom of the 5th over - 0 run(s), 0 hit(s), 0 error(s), 1 left on base; Detroit 0 - Otsego 3 |
TOP OF THE 6TH |
Detroit X-Wings batting - Pitching for Otsego Bulldogs : RHP Dave Smith
|
Batting: LHB Luis Padilla
|
0-0: Called Strike 0-1: Swinging Strike 0-2: Ball 1-2: Fly out, F8 (Flyball, 8LS)
|
Batting: RHB Yoshitsune Kamida
|
0-0: Called Strike 0-1: Ball 1-1: Fly out, F3 (Popup, 3F)
|
Batting: SHB Felipe Detorres
|
0-0: Called Strike 0-1: Called Strike 0-2: Ball 1-2: Fly out, F5 (Line Drive, 56)
|
Top of the 6th over - 0 run(s), 0 hit(s), 0 error(s), 0 left on base; Detroit 0 - Otsego 3 |
BOTTOM OF THE 6TH |
Otsego Bulldogs batting - Pitching for Detroit X-Wings : LHP Arturo Sánchez
|
Batting: RHB Jim Beck
|
0-0: Called Strike 0-1: Foul Ball, location: 2F 0-2: SINGLE (Line Drive, 5L)
|
Pitching: RHP Gabriel Ruíz
|
|
Batting: RHB Raúl Bauza
|
0-0: Ball 1-0: Ball 2-0: Called Strike 2-1: Ball 3-1: Base on Balls Jim Beck to second
|
Batting: RHB Felipe Rego
|
0-0: Called Strike 0-1: Ball 1-1: Swinging Strike 1-2: Ball 2-2: Strikes out swinging
|
Batting: LHB Martin Davis
|
0-0: SINGLE (Groundball, 6MD) Jim Beck to third Raúl Bauza to second
|
Batting: LHB Mario Cornelo
|
0-0: Ball 1-0: Called Strike 1-1: Swinging Strike 1-2: Strikes out swinging
|
Batting: RHB Armando Cuevas
|
0-0: Called Strike 0-1: Ground out 1-3 (Groundball, 2R)
|
Bottom of the 6th over - 0 run(s), 2 hit(s), 0 error(s), 3 left on base; Detroit 0 - Otsego 3 |
TOP OF THE 7TH |
Detroit X-Wings batting - Pitching for Otsego Bulldogs : RHP Dave Smith
|
Batting: RHB Chet Decker
|
0-0: Ball 1-0: Foul Ball, location: 2F 1-1: Called Strike 1-2: Foul Ball, location: 2F 1-2: Foul Ball, location: 2F 1-2: Foul Ball, location: 2F 1-2: SINGLE (Flyball, 8RS)
|
Pitching: RHP Manny Benavides
|
|
Batting: LHB Juan Jose Pineda
|
0-0: Called Strike 0-1: Foul Ball, location: 2F 0-2: Foul Ball, location: 2F 0-2: Ball 1-2: Foul Ball, location: 2F 1-2: Ball 2-2: DOUBLE (Line Drive, 9LD) Chet Decker to third
|
Batting: SHB Jaime Montés
|
0-0: Called Strike 0-1: Fly out, F7 (Flyball, 7M) Runner from 3rd tags up, SCORES, throw made
|
Batting: RHB Domingo Ávila
|
0-0: Ball 1-0: Ball 2-0: Called Strike 2-1: Ball 3-1: Foul Ball, location: 2F 3-2: Fly out, F5 (Popup, 5)
|
Batting: RHB Ernesto Acosta
|
0-0: Foul Ball, location: 2F 0-1: Fly out, F9 (Flyball, 89D)
|
Top of the 7th over - 1 run(s), 2 hit(s), 0 error(s), 1 left on base; Detroit 1 - Otsego 3 |
BOTTOM OF THE 7TH |
Otsego Bulldogs batting - Pitching for Detroit X-Wings : RHP Gabriel Ruíz
|
Batting: LHB George Wood
|
0-0: Ball 1-0: Ball 2-0: Called Strike 2-1: Ball 3-1: Base on Balls
|
Batting: RHB Jesús Tisnado
|
0-0: Ground out 5-3 (Groundball, 56S) George Wood to second
|
Batting: RHB Cristo García
|
0-0: Called Strike 0-1: Ball 1-1: Ball 2-1: Called Strike 2-2: Ball 3-2: Base on Balls
|
Batting: RHB Jim Beck
|
0-0: Grounds into double play, 4-6-3 (Groundball, 4)
|
Bottom of the 7th over - 0 run(s), 0 hit(s), 0 error(s), 1 left on base; Detroit 1 - Otsego 3 |
TOP OF THE 8TH |
Detroit X-Wings batting - Pitching for Otsego Bulldogs : RHP Manny Benavides
|
Batting: RHB Enrique Aguilar
|
0-0: Called Strike 0-1: Swinging Strike 0-2: Foul Ball, location: 2F 0-2: Ball 1-2: Strikes out swinging
|
Batting: LHB Luis Padilla
|
0-0: Foul Ball, location: 2F 0-1: Ball 1-1: Called Strike 1-2: Ball 2-2: Ball 3-2: Foul Ball, location: 2F 3-2: SOLO HOME RUN (Flyball, 9LD), Distance : 453 ft
|
Batting: RHB Yoshitsune Kamida
|
0-0: Ball 1-0: Foul Ball, location: 2F 1-1: Ball 2-1: Foul Ball, location: 2F 2-2: DOUBLE (Groundball, 5L)
|
Pinch Hitting: RHB Yasuoka Tanaka
|
0-0: Ball 1-0: Ball 2-0: Called Strike 2-1: Foul Ball, location: 2F 2-2: Strikes out swinging
|
Batting: RHB Chet Decker
|
0-0: Ball 1-0: Foul Ball, location: 2F 1-1: Called Strike 1-2: Strikes out swinging
|
Top of the 8th over - 1 run(s), 2 hit(s), 0 error(s), 1 left on base; Detroit 2 - Otsego 3 |
BOTTOM OF THE 8TH |
Otsego Bulldogs batting - Pitching for Detroit X-Wings : RHP Gabriel Ruíz
|
Pitching: RHP Felipe Téllez
|
|
Now at 1B: Yasuoka Tanaka
|
|
Batting: RHB Raúl Bauza
|
0-0: Called Strike 0-1: Called Strike 0-2: Ball 1-2: Foul Ball, location: 2F 1-2: Ball 2-2: Ball 3-2: Strikes out looking
|
Batting: RHB Felipe Rego
|
0-0: Ball 1-0: Ball 2-0: Ball 3-0: Called Strike 3-1: Foul Ball, location: 2F 3-2: Strikes out looking
|
Batting: LHB Martin Davis
|
0-0: Called Strike 0-1: Called Strike 0-2: Ground out U3 (Groundball, 3L)
|
Bottom of the 8th over - 0 run(s), 0 hit(s), 0 error(s), 0 left on base; Detroit 2 - Otsego 3 |
TOP OF THE 9TH |
Detroit X-Wings batting - Pitching for Otsego Bulldogs : RHP Manny Benavides
|
Pitching: RHP Kenshin Kubota
|
|
Now at 1B: Juan Pérez
|
|
Batting: LHB Juan Jose Pineda
|
0-0: Ball 1-0: Swinging Strike 1-1: Swinging Strike 1-2: Strikes out looking
|
Batting: SHB Jaime Montés
|
0-0: Foul Ball, location: 2F 0-1: Ball 1-1: Swinging Strike 1-2: Strikes out looking
|
Pinch Hitting: RHB Gary Witt
|
0-0: Called Strike 0-1: Ball 1-1: Foul Ball, location: 2F 1-2: SOLO HOME RUN (Flyball, 7D), Distance : 379 ft
|
Batting: RHB Ernesto Acosta
|
0-0: Swinging Strike 0-1: Ball 1-1: Ball 2-1: Foul Ball, location: 2F 2-2: SINGLE (Flyball, 6MD) - OUT at second base trying to stretch hit.
|
Top of the 9th over - 1 run(s), 2 hit(s), 0 error(s), 0 left on base; Detroit 3 - Otsego 3 |
BOTTOM OF THE 9TH |
Otsego Bulldogs batting - Pitching for Detroit X-Wings : RHP Felipe Téllez
|
Now at 3B: Chris Byrd
|
|
Batting: LHB Mario Cornelo
|
0-0: Called Strike 0-1: Ground out 5-3 (Groundball, 5S)
|
Batting: RHB Armando Cuevas
|
0-0: Foul Ball, location: 2F 0-1: Fly out, F3 (Popup, 3DF)
|
Batting: RHB Juan Pérez
|
0-0: Ball 1-0: Ball 2-0: Foul Ball, location: 2F 2-1: Swinging Strike 2-2: Foul Ball, location: 2F 2-2: Ball 3-2: Base on Balls
|
Batting: RHB Jesús Tisnado
|
0-0: Called Strike 0-1: Swinging Strike 0-2: Ball 1-2: Strikes out swinging
|
Bottom of the 9th over - 0 run(s), 0 hit(s), 0 error(s), 1 left on base; Detroit 3 - Otsego 3 |
TOP OF THE 10TH |
Detroit X-Wings batting - Pitching for Otsego Bulldogs : RHP Kenshin Kubota
|
Batting: RHB Enrique Aguilar
|
0-0: Ball 1-0: Called Strike 1-1: Called Strike 1-2: Foul Ball, location: 2F 1-2: Foul Ball, location: 2F 1-2: Ball 2-2: Ground out 6-3 (Groundball, 6M)
|
Batting: LHB Luis Padilla
|
0-0: Called Strike 0-1: Ball 1-1: Called Strike 1-2: Ball 2-2: Ball 3-2: Foul Ball, location: 2F 3-2: Base on Balls
|
Batting: RHB Yoshitsune Kamida
|
0-0: Ground out 5-3 (Groundball, 56S) Luis Padilla to second
|
Batting: RHB Yasuoka Tanaka
|
0-0: Ball 1-0: Called Strike 1-1: Foul Ball, location: 2F 1-2: Ball 2-2: Ball 3-2: Strikes out swinging
|
Top of the 10th over - 0 run(s), 0 hit(s), 0 error(s), 1 left on base; Detroit 3 - Otsego 3 |
BOTTOM OF THE 10TH |
Otsego Bulldogs batting - Pitching for Detroit X-Wings : RHP Felipe Téllez
|
Batting: RHB Cristo García
|
0-0: Swinging Strike 0-1: Ball 1-1: Ground out 4-3 (Groundball, 4M)
|
Batting: RHB Jim Beck
|
0-0: Called Strike 0-1: Called Strike 0-2: Ball 1-2: SOLO HOME RUN (Flyball, 78D), Distance : 388 ft
|
Monday, December 5th, 2016 - OOTP Baseball 17.12 Build 75
|
|